 Dungeon Crawl Stone Soup version 0.29-a0-824-gd827844252 (webtiles) character file.

Game seed: 1773905043295039731

260 kevlar127 the Ruffian (level 5, 0/54 HPs)
             Began as a Troll Berserker on July 9, 2022.
             Was a Believer of Trog.
             Killed from afar by an orc wizard (5 damage)
             ... with a magic dart
             ... on level 4 of the Dungeon.
             The game lasted 00:05:02 (2975 turns).

kevlar127 the Ruffian (Troll Berserker)             Turns: 2975, Time: 00:05:02

Health: 0/54       AC:  4    Str: 27    XL:     5   Next: 95%
Magic:  4/4        EV: 10    Int:  3    God:    Trog [**....]
Gold:   189        SH:  0    Dex:  9    Spells: 4/4 levels left

rFire   . . .      SeeInvis .     - Unarmed
rCold   . . .      Faith    .   (no shield)
rNeg    + . .      Spirit   .   a - +0 animal skin
rPois   .          Reflect  .   (helmet restricted)
rElec   .          Harm     .   (no cloak)
rCorr   .          Rampage  .   (gloves unavailable)
Will    .....                   (boots unavailable)
Stlth   +.........              (no amulet)
HPRegen 0.98/turn               l - ring of positive energy
MPRegen 0.09/turn               (no ring)

@: confused
A: large, unfitting armour, claws 3, regeneration 1, shaggy fur 1, tough skin 1
a: Renounce Religion, Berserk, Trog's Hand


You were on level 4 of the Dungeon.
You worshipped Trog.
Trog was pleased with you.
You visited 1 branch of the dungeon, and saw 4 of its levels.

You collected 189 gold pieces.

Inventory:

Missiles
 d - a throwing net (quivered)
 g - 36 stones
Armour
 a - a +0 animal skin (worn)
Jewellery
 l - a ring of positive energy (left claw)
 o - a ring of fire
 t - an amulet of reflection
Wands
 r - a wand of flame (6)
 v - a wand of paralysis (11)
Scrolls
 e - a scroll of poison {unknown}
 f - a scroll of blinking {unknown}
 j - 6 scrolls of identify {unknown}
 n - a scroll of vulnerability {unknown}
 p - a scroll of acquirement {unknown}
 q - a scroll of fear {unknown}
 s - a scroll of fog {unknown}
 u - a scroll of silence {unknown}
Potions
 b - 3 potions of curing {unknown}
 c - 2 potions of brilliance {unknown}
 h - a potion of might {unknown}
 i - 2 potions of heal wounds {unknown}
 k - 2 potions of mutation {unknown}
 m - a potion of resistance {unknown}


   Skills:
 + Level 4.1 Fighting
 - Level 3.0 Dodging
 + Level 4.9 Unarmed Combat


You had 4 spell levels left.
You didn't know any spells.
Your spell library was empty.

Dungeon Overview and Level Annotations

Branches:
Dungeon (4/15)
 Temple: D:4-7

Altars:
Makhleb
Nemelex Xobeh

Annotations:
D:3 1 transporter


Innate Abilities, Weirdness & Mutations

You are too large for most types of armour.
You have claws for hands.
Your natural rate of healing is unusually fast.
You are covered in fur. (AC +1)
You have tough skin. (AC +1)


Message History

The orc hits you with a +0 dagger.
The orc wizard hits you but does no damage.
Unknown command.
You scratch the orc.
You kill the orc!
Trog accepts your kill.
You hear some strange, mumbled words.
A magic dart appears from out of thin air!
The magic dart hits you. The orc barely misses you. x2
The orc wizard closely misses you.
You are too confused!
Unknown command.
You miss the orc wizard.
The orc wizard is almost dead.
Something hits you but does no damage. The orc hits you with a +0 club.
* * * LOW HITPOINT WARNING * * *
The orc hits you with a +0 dagger.
* * * LOW HITPOINT WARNING * * *
The orc wizard hits you with a +0 dagger.
* * * LOW HITPOINT WARNING * * *
The phantom hits you but does no damage.
You miss the phantom. Something hits you.
* * * LOW HITPOINT WARNING * * *
The orc hits you with a +0 club.
* * * LOW HITPOINT WARNING * * *
The orc hits you with a +0 dagger.
* * * LOW HITPOINT WARNING * * *
The orc wizard closely misses you. The phantom hits you.
* * * LOW HITPOINT WARNING * * *
The phantom blinks!
You blink.
An endoplasm comes into view.
Found an amethyst potion and a wand of paralysis (9).
You closely miss the phantom.
The endoplasm quivers.
The phantom hits you.
* * * LOW HITPOINT WARNING * * *
You closely miss the phantom. The orc wizard casts a spell at you.
The magic dart hits you.
You die...

.#####.# .# #.# .#
.#####.# #J#
.#.....########## ..#
.#.####..)..)ยง..##..#
.#
#...........!...>####
##
#.##........o.......#
# #.......oo......!#
..........W@......#
..##.......$........#
.. ..................#
. #..........########
#.....[....# .......
./..... .......


You could see a phantom, an orc wizard, 2 orcs and an endoplasm.

Vanquished Creatures
  A necrophage (D:3)
  A scorpion (D:3)
  A howler monkey (D:4)
  3 adders
  2 worms (D:2)
  2 dart slugs (D:1)
  3 orcs
  4 bats
  7 endoplasms
  3 giant cockroaches
  7 goblins
  4 hobgoblins
  8 jackals
  3 quokkas
  4 ball pythons
  2 frilled lizards (D:1)
  6 kobolds
  3 rats
64 creatures vanquished.

Notes
Turn   | Place    | Note
-------+----------+-------------------------------------------
     0 | D:1      | kevlar127 the Troll Berserker began the quest for the Orb.
     0 | D:1      | Reached XP level 1. HP: 22/22 MP: 0/0
   130 | D:1      | Reached XP level 2. HP: 18/29 MP: 1/1
   769 | D:2      | Reached XP level 3. HP: 36/36 MP: 2/2
   948 | D:2      | Reached ** piety under Trog
   960 | D:2      | Found a burning altar of Makhleb.
  1206 | D:2      | Found a faded altar of an unknown god.
  1735 | D:3      | Noticed a necrophage
  1747 | D:3      | Killed a necrophage
  1748 | D:3      | Reached XP level 4. HP: 40/45 MP: 3/3
  1797 | D:3      | Noticed a scorpion
  1801 | D:3      | Killed a scorpion
  1802 | D:3      | Reached XP level 5. HP: 52/54 MP: 4/4
  2471 | D:3      | Found a sparkling altar of Nemelex Xobeh.
  2471 | D:3      | Found a transporter.
  2949 | D:4      | Noticed a phantom
  2975 | D:4      | Killed from afar by an orc wizard

Illustrated notes

Levels and vault maps discovered:
D:1:      minmay_arrival_four_loops, layout_basic, minivault_19
D:2:      layout_loops_corners, basic_altar,
          shapermc_ecumenical_altar_flowoftime, feat_on_display
D:3:      layout_loops_ring, grunt_nemelex_the_gamble, minmay_unequal
D:4:      layout_basic, kennysheep_mini

Skill      XL: |  1  2  3  4  5 |
---------------+----------------+-----
Fighting       | 3 4 |  4.1
Dodging        | 3 |  3.0
Unarmed Combat | 4 |  4.9

Action                   |  1- 3 |  4- 6 || total
-------------------------+-------+-------++-------
Melee: Unarmed           |   108 |    82 ||   190
       Punch             |     1 |     3 ||     4
 Stab: Sleeping          |     1 |       ||     1
Armor: Animal skin       |    33 |    33 ||    66
Dodge: Dodged            |    51 |    57 ||   108

Table legend: (Time is in decaauts)
 A = Elapsed time spent in this place.
 B = Non-inter-level travel time spent in this place.
 C = Inter-level travel time spent in this place.
 D = Time resting spent in this place.
 E = Time spent auto-exploring this place.
 F = Levels seen in this place.
 G = Mean time per level.
                   A        B        C        D        E       F      G
               +--------+--------+--------+--------+--------+-----+--------+
         Total |   2961 |   2688 |    273 |      0 |   2230 |   4 |  740.2 |
       Dungeon |   2961 |   2688 |    273 |      0 |   2230 |   4 |  740.2 |
               +--------+--------+--------+--------+--------+-----+--------+

Top non-repeatable levels by time:
     D:3: 1078 daAuts
     D:2: 933 daAuts
     D:1: 715 daAuts
     D:4: 234 daAuts
